 Dungeon Crawl Stone Soup version 0.32-a0-900-g30fb1b0edc (webtiles) character file.

Game seed: 9439712355598406227

3719 Twinkles the Covert (level 10, -2/106 HPs)
             Began as an Octopode Brigand on Apr 5, 2024.
             Was an Initiate of Gozag.
             Slain by a kobold brigand
             ... wielding a +0 whip
              (4 damage)
             ... on level 8 of the Dungeon on Apr 6, 2024.
             The game lasted 00:27:37 (7581 turns).

Twinkles the Covert (Octopode Brigand)              Turns: 7581, Time: 00:27:38

Health: -2/106     AC:  1    Str: 14    XL:     10   Next: 14%
Magic:  0/19       EV: 16    Int: 13    God:    Gozag
Gold:   16         SH:  0    Dex: 19    Spells: 9/9 levels left

rFire   + . .        b - +8 mace "Cuicoir" {pain, Dex+4}
rCold   x . .        (no shield)
rNeg    . . .        (helmet restricted)
rPois   .            d - amulet of guardian spirit
rElec   .            f - ring of resist corrosion
rCorr   +            y - ring of magical power
SInv    .            s - ring of fire
Will    .....        (no ring) Stlth
                     (no ring)
HPRegen 0.37/turn    (no ring)
MPRegen 0.16/turn    (no ring)
                     (no ring)

%: guardian spirit
@: brilliant, berserking, gold aura, hasted and slowed
A: almost no armour, amphibious, 8 rings, camouflage 1, gelatinous body 1,
(nimble swimmer 1), tentacles
a: Renounce Religion, Potion Petition, Call Merchant, Bribe Branch


You were on level 8 of the Dungeon.
You worshipped Gozag.
Gozag was noncommittal.
You visited 2 branches of the dungeon, and saw 9 of its levels.

You collected 945 gold pieces.
You paid 929 gold pieces to Gozag.

Inventory:

Hand Weapons
 a - a +2 dagger
 b - the +8 mace "Cuicoir" (weapon) {pain, Dex+4}
   (You found it on level 2 of the Dungeon)

   Dex+4:     It affects your dexterity (+4).
 m - a +0 rapier
 u - a +0 scimitar
Missiles
 c - 3 curare-tipped darts
 p - 13 poisoned darts (quivered)
Jewellery
 d - an amulet of guardian spirit (around mantle)
 f - a ring of resist corrosion (left tentacle)
 s - a ring of fire (on tentacle)
 t - the amulet "Uxkadaj" {RegenMP+ Str+2}
   (You found it on level 5 of the Dungeon)

   [amulet of magic regeneration]

   It increases your rate of magic regeneration.
   Str+2:     It affects your strength (+2).
   RegenMP+:  It increases your rate of magic regeneration.
 y - a ring of magical power (right tentacle)
Talismans
 w - a maw talisman
Wands
 e - a wand of charming (9)
 j - a wand of polymorph (11)
Scrolls
 h - 3 scrolls of poison {unknown}
 i - 2 scrolls of enchant armour {unknown}
 k - a scroll of amnesia {unknown}
 l - 2 scrolls of blinking {unknown}
 n - a scroll of torment {unknown}
 q - 3 scrolls of noise {unknown}
 r - a scroll of fear {unknown}
 v - a scroll of revelation {unknown}
 x - a scroll of enchant weapon {unknown}
 z - a scroll of brand weapon {unknown}
 V - 4 scrolls of vulnerability
 Y - 3 scrolls of teleportation
 Z - 5 scrolls of identify
Potions
 A - 2 potions of attraction
 I - a potion of invisibility
 M - a potion of might


   Skills:
 + Level 7.0 Fighting
 - Level 2.0 Short Blades
 - Level 2.0 Throwing
 + Level 6.8 Dodging
 - Level 9.5 Stealth
 + Level 6.7 Unarmed Combat
 * Level 5.1 Shapeshifting


You had 9 spell levels left.
You didn't know any spells.
Your spell library contained the following spells:

 Spells                   Type           Power      Damage    Failure   Level
 Lesser Beckoning         Tloc           0%         N/A       43%         2
 Inner Flame              Hex/Fire       0%         N/A       67%         3
 Maxwell's Portable Pile  Tloc           0%         2d(5-13)  67%         3
 Teleport Other           Tloc           0%         N/A       67%         3
 Flame Wave               Conj/Fire      0%         2d4       97%         4
 Sticky Flame             Fire/Alch      0%         2d4       97%         4


Dungeon Overview and Level Annotations

Branches:
Dungeon (8/15) Zot: 26653  Temple (1/1) D:4 Zot: 5983
   Lair: D:8-11

Altars:
Ashenzari
Cheibriados
Dithmenos
Elyvilon
Fedhas
Gozag
Hepliaklqana
Kikubaaqudgha
Makhleb
Nemelex Xobeh
Okawaru
Qazlal
Ru
Sif Muna
Trog
Uskayaw
Vehumet
Wu Jian
Xom
Yredelemnul
Zin
The Shining One

Annotations:
D:3 1 runed translucent door, exclusion: 4 orc priests, Biggs's ghost, amateur CoHu; Grinder
D:7 2 transporters
D:8 2 exclusions


Innate Abilities, Weirdness & Mutations

You cannot wear most types of armour.
You are amphibious.
You can wear up to eight rings at the same time.
Your skin changes colour to match your surroundings (Stealth+).
Your rubbery body absorbs attacks. (AC +1, EV +1)
((You are camouflaged when in or above water. (Stealth+)))
You have tentacles for arms and can constrict up to eight enemies at once.


Message History

The hornet closely misses you. The hornet stings you!
You suddenly lose the ability to move!
You feel sick. The hornet stings you.
You feel as though you will be slow longer.
You feel sick. The hornet stings you!
* * * LOW HITPOINT WARNING * * *
You are lethally poisoned!
You feel as though you will be slow longer.
The hornet stings you!
* * * LOW HITPOINT WARNING * * *
You feel as though you will be slow longer.
You can move again.
Unknown command.
Okay, then.
Unknown command.
You feel better. The hornet misses you.
A red film seems to cover your vision as you go berserk!
You feel yourself moving faster!
You feel mighty! The hornet stings you!
* * * LOW HITPOINT WARNING * * *
You feel as though you will be slow longer.
The hornet closely misses you.
You hit the hornet. Your grab misses the hornet.
The hornet is severely wounded.
The hornet barely misses you. The hornet completely misses you.
You thump the hornet!
You kill the hornet!
Your Fighting skill increases to level 7!
You bludgeon the kobold brigand!! Your grab misses the kobold brigand.
The kobold brigand is severely wounded.
The kobold brigand hits you but does no damage.
The kobold brigand is distracted by your dazzling golden aura.
The kobold brigand hits you with a +0 whip!
* * * LOW HITPOINT WARNING * * *
The kobold brigand shouts!
You sock the kobold brigand! Your grab misses the kobold brigand.
Your squeeze misses the kobold brigand.
The kobold brigand is almost dead.
The kobold brigand hits you with a +0 whip.
You die...
Your body crumbles into a pile of gold.

##....#................#
###........####.#.###.#
####.###.# #......$#
#.....#.####.#.#####
#♣♣♣♣.#.............
♣...#.####.#.#####
#♣♣♣♣.#.####.#.#
#...$.#........#
##♣@♣##.####.###
♣♣K♣♣#.# #.# #♣$≈.♣#.#
#.# #.≈≈≈.# #.# #.≈≈≈.#
#.# #.≈≈≈.# #.# #.≈K≈.#
#.# ♣♣~≈~♣# #.# .≈~≈.
#.#


You could see 2 kobold brigands.

Vanquished Creatures
  A hornet (D:8)
  Prince Ribbit (D:5)
  2 wyverns (D:8)
  3 steam dragons (D:7)
  Menkaure (D:5)
  An orc warrior (D:7)
  2 black bears (D:7)
  2 ogres
  3 centaurs
  A kobold brigand (D:7)
  3 scorpions
  6 bullfrogs
  A gnoll sergeant (D:5)
  A howler monkey (D:5)
  2 jellies
  4 gnoll boudas
  4 hounds
  3 orc priests
  2 sleepcaps
  Terence (D:3)
  Natasha (twice) (D:3)
  5 iguanas
  3 orc wizards
  6 adders
  26 gnolls
  2 shadow imps
  3 ribbon worms
  2 dart slugs
  17 orcs
  10 bats
  9 endoplasms
  5 giant cockroaches
  4 goblins
  5 hobgoblins
  A quokka (D:1)
  9 ball pythons
  4 frilled lizards
  13 kobolds
  7 rats
177 creatures vanquished.

Vanquished Creatures (others)
  2 kobolds (D:7)
2 creatures vanquished.

Grand Total: 179 creatures vanquished

Notes
Turn   | Place    | Note
-------+----------+-------------------------------------------
     0 | D:1      | Twinkles the Octopode Brigand began the quest for the Orb.
     0 | D:1      | Reached XP level 1. HP: 14/14 MP: 1/1
    59 | D:1      | Reached XP level 2. HP: 19/19 MP: 2/2
   319 | D:1      | Reached skill level 1 in Unarmed Combat
   375 | D:1      | Reached XP level 3. HP: 25/25 MP: 3/3
   843 | D:2      | Reached skill level 6 in Stealth
   843 | D:2      | Reached XP level 4. HP: 28/30 MP: 4/4
  1027 | D:2      | Identified the +8 mace "Cuicoir" {pain, Dex+4}
  1050 | D:2      | Found a faded altar of an unknown god.
  1277 | D:2      | Reached XP level 5. HP: 28/36 MP: 5/5
  1458 | D:3      | Noticed Natasha
  1469 | D:3      | Killed Natasha
  1513 | D:3      | Noticed Terence
  1520 | D:3      | Killed Terence
  1609 | D:3      | Noticed Natasha
  1750 | D:3      | Killed Natasha
  1871 | D:3      | Noticed a centaur
  1879 | D:3      | Killed a centaur
  1879 | D:3      | HP: 8/36 [shadow imp/nerve-wracking pain (9)]
  1880 | D:3      | Reached XP level 6. HP: 9/42 MP: 6/6
  1880 | D:3      | HP: 2/42 [iguana (6)]
  1884 | D:3      | Reached skill level 7 in Stealth
  2032 | D:3      | Noticed Biggs's ghost (amateur CoHu)
  2036 | D:3      | Found a runed translucent door.
  2228 | D:3      | Noticed Grinder
  2586 | D:4      | Reached XP level 7. HP: 46/47 MP: 7/7
  2797 | D:4      | Found a staircase to the Ecumenical Temple.
  2803 | Temple   | Entered the Ecumenical Temple
  2811 | Temple   | Became a worshipper of Gozag Ym Sagoz the Greedy
  3312 | D:5      | Entered Level 5 of the Dungeon
  3402 | D:5      | HP: 14/48 [gnoll/+0 spear[a gnoll bouda] (3)]
  4048 | D:5      | Noticed Menkaure
  4057 | D:5      | Killed Menkaure
  4058 | D:5      | Reached skill level 8 in Stealth
  4068 | D:5      | Reached XP level 8. HP: 54/54 MP: 8/8
  4088 | D:5      | Noticed Prince Ribbit
  4098 | D:5      | Killed Prince Ribbit
  4174 | D:5      | Reached skill level 5 in Fighting
  4266 | D:5      | Found a blossoming altar of Fedhas.
  4267 | D:5      | Identified the amulet "Uxkadaj" {RegenMP+ Str+2}
  4278 | D:5      | Found a hide-covered altar of Uskayaw.
  4288 | D:5      | Found a bloodstained altar of Trog.
  4349 | D:5      | Found a white marble altar of Elyvilon.
  4727 | D:6      | Reached skill level 5 in Dodging
  4764 | D:6      | Reached skill level 9 in Stealth
  4881 | D:6      | Reached skill level 5 in Unarmed Combat
  5413 | D:6      | Reached XP level 9. HP: 62/62 MP: 9/9
  5426 | D:6      | Reached skill level 1 in Shapeshifting
  6041 | D:7      | Found a transporter.
  6365 | D:7      | HP: 26/93 [kobold/+3 vampiric dagger (4)]
  6370 | D:7      | HP: 13/62 [poisoned by a kobold brigand]
  6621 | D:7      | HP: 14/62 [steam dragon (5)]
  6868 | D:7      | Found a transporter.
  7242 | D:7      | Noticed a cyclops
  7474 | D:8      | Noticed a two-headed ogre
  7501 | D:8      | Reached XP level 10. HP: 53/69 MP: 10/10
  7568 | D:8      | Reached skill level 5 in Shapeshifting
  7569 | D:8      | Paralysed by a hornet for 3 turns
  7572 | D:8      | HP: 15/69 [hornet (6)]
  7573 | D:8      | Paralysed by a hornet for 3 turns
  7575 | D:8      | HP: 1/69 [hornet (14)]
  7580 | D:8      | HP: 2/106 [kobold brigand/+0 whip (6)]
  7581 | D:8      | Slain by a kobold brigand

Illustrated notes

Levels and vault maps discovered:
D:1:      lemuel_arrival_cross, layout_rooms
D:2:      minmay_kobold_bridge, layout_rooms, shapermc_ecumenical_altar_pompeii,
          kennysheep_donut
D:3:      layout_basic, hellmonk_ghost_happy_afterlife, uniq_grinder,
          uniq_terence, uniq_natasha
D:4:      layout_basic, minmay_temple_entry_gardened_gates
D:5:      layout_basic, lemuel_crystal_altar, minmay_overflow_temple_star_quad,
          uniq_prince_ribbit1, uniq_menkaure
D:6:      layout_basic
D:7:      gammafunk_steamed_eel, layout_basic, grunt_potential
D:8:      nzn_winding_woodlands_large [nzn_winding_woodlands_5x5_perimeter,
          nzn_winding_woodlands_5x15_lazy_stream,
          nzn_winding_woodlands_5x5_closed_star,
          nzn_winding_woodlands_center_pierced_h,
          nzn_winding_woodlands_15x15_boxy_spiral,
          nzn_winding_woodlands_center_lodge, nzn_winding_woodlands_5x5_three,
          nzn_winding_woodlands_5x15_river_crossing,
          nzn_winding_woodlands_5x5_default], layout_basic, enter_bailey_3
Temple:   nicolae_temple_two_arcs

Skill      XL: |  1  2  3  4  5  6  7  8  9 10 |
---------------+-------------------------------+-----
Unarmed Combat | 1 2 3 4 5 6 |  6.7
Dodging        | 2 3 4 5 6 |  6.8
Stealth        | 6 7 8 9 |  9.5
Fighting       | 3 4 5 6 7 |  7.0
Shapeshifting  | 4 5 |  5.1
Short Blades   | |  2.0
Throwing       | |  2.0

Action                     |  1- 3 |  4- 6 |  7- 9 | 10-12 || total
---------------------------+-------+-------+-------+-------++-------
  Melee: Dagger            |    60 |    32 |    11 |       ||   103
         Constrict         |    11 |    13 |    44 |     4 ||    72
         Tentacles         |     8 |    11 |    42 |     5 ||    66
         Mace              |       |    34 |   149 |    21 ||   204
  Throw: Dart              |       |       |    16 |       ||    16
 Invoke: Potion Petition   |       |       |     1 |     1 ||     2
    Use: Potion            |       |     2 |     1 |     3 ||     6
         Scroll            |       |       |     5 |       ||     5
   Stab: Sleeping          |    18 |     8 |    20 |     1 ||    47
         Distracted        |       |     1 |       |       ||     1
 Armour: Skin              |    19 |    30 |    84 |    30 ||   163
  Dodge: Dodged            |    27 |    43 |   112 |    48 ||   230

Table legend: (Time is in decaauts)
 A = Elapsed time spent in this place.
 B = Non-inter-level travel time spent in this place.
 C = Inter-level travel time spent in this place.
 D = Time resting spent in this place.
 E = Time spent auto-exploring this place.
 F = Levels seen in this place.
 G = Mean time per level.
                   A        B        C        D        E       F      G
               +--------+--------+--------+--------+--------+-----+--------+
         Total |   7667 |   7214 |    453 |    609 |   5025 |   9 |  851.9 |
       Dungeon |   7651 |   7212 |    439 |    609 |   5025 |   8 |  956.4 |
        Temple |     16 |      2 |     14 |      0 |      0 |   1 |   16.0 |
               +--------+--------+--------+--------+--------+-----+--------+

Top non-repeatable levels by time:
     D:6: 1550 daAuts
     D:5: 1211 daAuts
     D:7: 1155 daAuts
     D:4: 1123 daAuts
     D:3: 891 daAuts
     D:2: 846 daAuts
     D:1: 569 daAuts
     D:8: 301 daAuts
  Temple: 16 daAuts
